 Dungeon Crawl Stone Soup version 0.24-a0-91-g4e4936a (webtiles) character file.

Game seed: 10295782739929288159

54968 Mgcat the Phalangite (level 14, -7/172 HPs)
             Began as a Merfolk Berserker on Feb 8, 2019.
             Was a High Priest of Trog.
             Mangled by an ettin
             ... wielding a +0 dire flail
              (40 damage)
             ... on level 12 of the Dungeon.
             The game lasted 00:47:26 (19874 turns).

Mgcat the Phalangite (Merfolk Berserker)           Turns: 19874, Time: 00:47:27

Health: -7/172     AC: 17    Str: 26    XL:     14   Next: 75%
Magic:  20/20      EV: 14    Int: 11    God:    Trog [*****.]
Gold:   1225       SH:  4    Dex: 15    Spells: 13/13 levels left

rFire    + + .     SeeInvis .   D - +9 glaive of Exquisite Torment {venom, Int+5}
rCold    + + .     Gourm    .   (shield currently unavailable)
rNeg     . . .     Faith    .   S - +1 chain mail {rF+}
rPois    .         Spirit   .   (no helmet)
rElec    .         Reflect  +   i - scarf {rC+ rF+}
rCorr    .         Harm     .   H - +1 pair of gloves
MR       ++...                  U - +2 pair of boots of the Assassin {Detection Stab+ Stlth++}
Stlth    ..........             B - +4 amulet of reflection
HPRegen  0.38/turn              h - ring of protection from cold {rC+, !d}
MPRegen  0.17/turn              A - ring of protection from magic {MR+, !d}

@: berserking (expiring), very quick
A: change form in water, swift swim, stealthy swim
a: Berserk, Trog's Hand, Brothers in Arms, Renounce Religion


You were on level 12 of the Dungeon.
You worshipped Trog.
Trog was extremely pleased with you.
You were very hungry.

You visited 3 branches of the dungeon, and saw 20 of its levels.
You also visited: Volcano.

You collected 2170 gold pieces.
You spent 945 gold pieces at shops.

Inventory:

Hand Weapons
 D - the +9 glaive of Exquisite Torment (weapon) {venom, Int+5}
   (Trog gifted it to you on level 10 of the Dungeon)

   It poisons the flesh of those it strikes.
   It affects your intelligence (+5).
Missiles
 y - 22 tomahawks (quivered)
 F - 3 steel tomahawks
 O - 6 javelins
Armour
 i - a scarf of resistance (worn)
   (You found it on level 7 of the Dungeon)
 H - a +1 pair of gloves (worn)
   (You found it on level 1 of the Lair of Beasts)
 S - a +1 chain mail of fire resistance (worn)
   (You took it off a hell knight in a volcano)
 U - the +2 pair of boots of the Assassin (worn) {Detection Stab+ Stlth++}
   (You found it in a volcano)

   It makes you much more stealthy.
Jewellery
 h - a ring of protection from cold (left hand) {rC+, !d}
   (You found it on level 3 of the Dungeon)
 j - an uncursed ring of see invisible {sInv, !d}
   (You found it on level 3 of the Dungeon)
 u - an uncursed ring of resist corrosion
   (You found it on level 6 of the Dungeon)
 A - a ring of protection from magic (right hand) {MR+, !d}
   (You took it off an orc on level 10 of the Dungeon)
 B - a +4 amulet of reflection (around neck)
   (You found it on level 6 of the Lair of Beasts)
 K - an uncursed amulet of the acrobat
   (You found it on level 1 of the Lair of Beasts)
 M - an uncursed ring of protection from cold {rC+, !d}
   (You found it on level 2 of the Lair of Beasts)
 N - an uncursed ring of protection from fire {rF+, !d}
   (You found it on level 3 of the Lair of Beasts)
Wands
 f - a wand of enslavement (8)
   (You found it on level 3 of the Dungeon)
 v - a wand of polymorph (9)
   (You found it on level 6 of the Dungeon)
 x - a wand of scattershot (2)
   (You bought it in a shop on level 8 of the Dungeon)
 z - a wand of flame (6)
   (You found it on level 9 of the Dungeon)
 E - a wand of paralysis (18)
   (You found it on level 11 of the Dungeon)
 L - a wand of iceblast (19)
   (You found it on level 2 of the Lair of Beasts)
Scrolls
 b - 9 scrolls of teleportation
 g - 6 scrolls of remove curse
 s - 3 scrolls of enchant armour
 t - a scroll of fog
 C - 6 scrolls of fear
 G - a scroll of holy word {!r}
 J - 2 scrolls of blinking {!r}
 P - a scroll of magic mapping {!r}
 T - 2 scrolls of enchant weapon
Potions
 d - 2 potions of mutation {!q}
 e - 2 potions of haste
 k - 2 potions of lignification {!q}
 l - 2 potions of heal wounds
 m - 4 potions of degeneration {unknown}
 n - 5 potions of flight
 o - 5 potions of ambrosia
 p - 6 potions of curing
 q - 2 potions of invisibility
 I - a potion of resistance
 Q - 3 potions of cancellation
 R - a potion of magic
 V - a potion of agility
Miscellaneous
 w - a fan of gales
   (You found it on level 5 of the Lair of Beasts)
 W - a phial of floods
   (You found it on level 6 of the Lair of Beasts)
Comestibles
 c - 39 rations


   Skills:
 + Level 12.1 Fighting
 + Level 21.4 Polearms
 + Level 6.3 Throwing
 + Level 7.1 Armour
 + Level 10.0 Dodging
 + Level 6.0 Stealth
 - Level 8.0 Evocations


You had 13 spell levels left.
You didn't know any spells.
Your spell library was empty.

Dungeon Overview and Level Annotations

Branches:
Dungeon (12/15)            Temple (0/1) D:5            Lair (6/6) D:10
  Swamp (0/4) Lair:4        Snake (0/4) Lair:2        Slime (0/5) Lair:5
    Orc (2/2) D:10            Elf (0/3) Orc:2

Altars:
Kikubaaqudgha
Makhleb
Okawaru
Qazlal
Ru
Trog
Vehumet
Wu Jian
Xom
Beogh
Jiyva

Shops:
D:6 (   D:7 :   D:8 *   Orc:2 %?[(

Annotations:
D:7 3 runed translucent doors, Flix's ghost, novice DsAs
D:10 1 runed translucent door, Lanoc's ghost, journeyman DsBe
Lair:3 exclusion: 2 oklob plants
Lair:6 exclusion: oklob plant


Message History

The orc priest casts a cantrip, but nothing happens.
Attack whom?
Press: ? - help, Dir - move target cursor, f - orc
Aim: an orc, wielding a +0 dagger You reach to attack!
You open the orc like a pillowcase!!!
You kill the orc!
Trog accepts your kill.
Warning x2: The orc priest can smite you! x2
An ettin comes into view.
It is wielding a +0 dire flail and a +2 dire flail of protection.
The ettin shouts in stereo!
You hear an angry hiss.
Warning x3: The ettin can hit for very high damage in melee!
The orc priest can smite you! x2
You closely miss the orc priest.
A frost giant comes into view.
It is wielding a +0 battleaxe of freezing.
Danger x4: frost giant, orc priest x2, ettin!
You slash the orc priest!
The orc priest looks as sick as possible!
The orc priest is almost dead.
The orc priest mumbles some strange prayers to Beogh against you.
Beogh smites you!
The orc priest hits you but does no damage.
You take 12 damage, and have 103/115 hp.
Danger x4: frost giant, orc priest x2, ettin!
You closely miss the orc priest.
The orc priest is almost dead.
The orc priest hits you with a +0 whip.
You take 1 damage, and have 102/115 hp.
You slice the orc priest!!
You kill the orc priest!
Trog accepts your kill. The orc priest barely misses you.
Warning x3: The frost giant can hit for high damage in melee!
The orc priest can smite you!
The ettin can hit for very high damage in melee!
You barely miss the orc priest. The orc priest closely misses you.
Warning x3: The frost giant can hit for high damage in melee!
The orc priest can smite you!
The ettin can hit for very high damage in melee!
You hit the ettin but do no damage.
The ettin is poisoned.
The orc priest barely misses you.
Warning x3: The frost giant can hit for high damage in melee!
The orc priest can smite you!
The ettin can hit for very high damage in melee!
You barely miss the ettin. The ettin hits you but does no damage.
The ettin misses you.
Warning x3: The frost giant can hit for high damage in melee!
The orc priest can smite you!
The ettin can hit for very high damage in melee!
You slash the ettin!
The ettin looks as sick as possible!
The ettin is moderately wounded.
The orc priest casts a cantrip, but nothing happens.
The ettin hits you with a +0 dire flail.
The ettin hits you with a +2 dire flail of protection!!!
An acid dragon comes into view.
The acid dragon roars!
You take 41 damage, and have 62/115 hp.
MASSIVE DAMAGE!!
Warning x3: The frost giant can hit for high damage in melee!
The orc priest can smite you!
The ettin can hit for very high damage in melee!
You are too injured to fight recklessly!
Warning x3: The frost giant can hit for high damage in melee!
The orc priest can smite you!
The ettin can hit for very high damage in melee!
You are too injured to fight recklessly!
Warning x3: The frost giant can hit for high damage in melee!
The orc priest can smite you!
The ettin can hit for very high damage in melee!
You are too injured to fight recklessly!
Warning x3: The frost giant can hit for high damage in melee!
The orc priest can smite you!
The ettin can hit for very high damage in melee!
You are too injured to fight recklessly!
Warning x3: The frost giant can hit for high damage in melee!
The orc priest can smite you!
The ettin can hit for very high damage in melee!
You are too injured to fight recklessly!
Warning x3: The frost giant can hit for high damage in melee!
The orc priest can smite you!
The ettin can hit for very high damage in melee!
A red film seems to cover your vision as you go berserk!
You feel yourself moving faster!
You feel mighty!
You are feeling very hungry.
The orc priest miscasts a cantrip.
You now have 94/172 hp.
Warning x3: The frost giant can hit for high damage in melee!
The orc priest can smite you!
The ettin can hit for very high damage in melee!
You slice the frost giant!!
The frost giant looks as sick as possible!
The frost giant is lightly wounded.
Warning x3: The frost giant can hit for high damage in melee!
The orc priest can smite you!
The ettin can hit for very high damage in melee!
You slash the frost giant!
The frost giant looks as sick as possible!
The frost giant is moderately wounded.
The orc priest barely misses you.
Warning x3: The frost giant can hit for high damage in melee!
The orc priest can smite you!
The ettin can hit for very high damage in melee!
You slash the frost giant!
The frost giant looks as sick as possible!
The frost giant is heavily wounded.
The frost giant points at you and mumbles some strange words.
The bolt of cold hits you! You resist.
You take 11 damage, and have 83/172 hp.
Warning x3: The frost giant can hit for high damage in melee!
The orc priest can smite you!
The ettin can hit for very high damage in melee!
You hit the frost giant.
The frost giant looks as sick as possible!
The frost giant is heavily wounded.
The orc priest closely misses you.
Warning x3: The frost giant can hit for high damage in melee!
The orc priest can smite you!
The ettin can hit for very high damage in melee!
You carve the frost giant like a ham!!!
The frost giant looks as sick as possible!
The frost giant is almost dead.
The frost giant hits you with a +0 battleaxe of freezing!!
The frost giant freezes you.
You take 28 damage, and have 56/172 hp.
Warning x3: The frost giant can hit for high damage in melee!
The orc priest can smite you!
The ettin can hit for very high damage in melee!
You slash the frost giant!
The frost giant looks as sick as possible!
The frost giant is almost dead.
The orc priest barely misses you.
The ettin hits you with a +0 dire flail!!
* * * LOW HITPOINT WARNING * * *
The ettin hits you with a +2 dire flail of protection!!!
You die...

#.........#
#.........# #...
#.........# #....
####.#.##.##
#....# #....#..#
#....#
##.#.##.###......
####...##..#....#
................#
######.#.##..@C##
#.#.#...Co......
#.......#.......
.......##D.....#
##....## .....##
#....## ....##
#....## ...##
.$..# ..##


You could see a frost giant, an ettin, an acid dragon and an orc priest.

Vanquished Creatures
  2 orc warlords (Orc:2)
  2 catoblepae
  8 hydras
  A merfolk avatar (Lair:6)
  A two-headed ogre (D:11)
  A death yak (Lair:6)
  Urug (Lair:2)
  A sun demon (Volcano)
  A hell knight (Volcano)
  2 sea snakes (Lair:6)
  2 ugly things
  2 orc knights (Orc:2)
  An obsidian statue (Volcano)
  2 cyclopes (D:11)
  3 elephants
  3 black mambas
  2 centaur zombies (D:10)
  A guardian serpent (D:10)
  A gargoyle (D:11)
  A torpor snail (Lair:6)
  15 spiny frogs
  5 rime drakes
  6 kobold demonologists
  6 komodo dragons
  A red devil (Volcano)
  4 polar bears
  A wind drake (Lair:6)
  5 trolls
  2 hornets
  7 blink frogs
  A meliai zombie (D:9)
  6 hippogriffs
  2 wraiths
  4 wyverns
  A spriggan (D:8)
  20 yaks
  3 hungry ghosts
  5 fire bats (Volcano)
  Edmund (D:4)
  Menkaure (D:7)
  3 insubstantial wisps (Lair:4)
  A warg (Orc:1)
  9 porcupines
  17 water moccasins
  25 orc warriors
  13 ogres
  3 black bears
  5 wolves (Lair:4)
  18 crocodiles
  12 centaurs
  6 big kobolds
  13 bullfrogs
  2 water moccasin skeletons (D:7)
  5 scorpions
  10 wights
  3 howler monkeys (D:7)
  3 electric eels
  3 crimson imps
  4 lava snakes (Volcano)
  3 bullfrog zombies
  3 jellies
  6 hounds
  7 orc priests
  8 orc wizards
  3 bullfrog skeletons
  3 iguanas
  10 worker ants
  11 hell rats
  A hound zombie (D:8)
  3 hound skeletons
  A howler monkey skeleton (D:7)
  2 worker ant zombies
  4 gnolls
  19 adders
  3 shadow imps
  An adder skeleton (D:4)
  2 adder zombies
  A worm (D:5)
  2 dart slugs (D:3)
  3 leopard geckos
  62 orcs
  2 ball pythons
  10 bats
  7 giant cockroaches
  13 hobgoblins
  5 jackals
  5 quokkas
  2 frilled lizards
  9 goblins
  A jackal skeleton (D:6)
  33 kobolds
  A leopard gecko skeleton (D:7)
  2 quokka zombies
  8 rats
  A plant (D:10)
546 creatures vanquished.

Vanquished Creatures (collateral kills)
  A death yak (Lair:6)
  An orc sorcerer (Orc:2)
  3 orc knights (Orc:2)
  A rime drake (Lair:5)
  A troll (Orc:2)
  A polar bear (Lair:5)
  9 orc warriors (Orc:2)
  3 ogres (Orc:2)
  2 centaurs (Orc:2)
  An orc priest (Orc:2)
  3 orc wizards (Orc:2)
  12 orcs (Orc:2)
38 creatures vanquished.

Vanquished Creatures (others)
  A centaur (Orc:2)
  A bush (Lair:5)
  9 fungi
  16 plants
27 creatures vanquished.

Grand Total: 611 creatures vanquished

Notes
Turn   | Place    | Note
-------+----------+-------------------------------------------
     0 | D:1      | Mgcat the Merfolk Berserker began the quest for the Orb.
     0 | D:1      | Reached XP level 1. HP: 18/18 MP: 1/1
   229 | D:1      | Reached skill level 3 in Dodging
   229 | D:1      | Reached XP level 2. HP: 24/24 MP: 2/2
   752 | D:2      | Reached skill level 5 in Polearms
   801 | D:2      | Reached XP level 3. HP: 30/30 MP: 3/3
   906 | D:2      | Reached ** piety under Trog
  1069 | D:2      | Found a faded altar of an unknown god.
  1131 | D:2      | Reached skill level 4 in Fighting
  1134 | D:2      | Reached XP level 4. HP: 37/37 MP: 4/4
  1264 | D:2      | Reached skill level 4 in Dodging
  1290 | D:2      | Found a sacrificial altar of Ru.
  1291 | D:2      | Found an ornate altar of the Wu Jian Council.
  1761 | D:3      | Reached XP level 5. HP: 42/43 MP: 5/5
  1824 | D:3      | Noticed an orc warrior
  1833 | D:2      | Found a burning altar of Makhleb.
  1854 | D:3      | Killed an orc warrior
  1854 | D:3      | Reached skill level 6 in Polearms
  1854 | D:3      | Reached skill level 5 in Dodging
  2029 | D:3      | Found an iron altar of Okawaru.
  2246 | D:3      | Reached XP level 6. HP: 50/50 MP: 6/6
  2455 | D:4      | Reached skill level 5 in Fighting
  2457 | D:4      | Reached skill level 7 in Polearms
  2735 | D:4      | Reached skill level 8 in Polearms
  2740 | D:4      | Noticed Edmund
  2769 | D:4      | Killed Edmund
  2769 | D:4      | Reached skill level 9 in Polearms
  2769 | D:4      | Reached XP level 7. HP: 56/56 MP: 7/7
  2928 | D:4      | Reached *** piety under Trog
  3264 | D:5      | Entered Level 5 of the Dungeon
  3284 | D:5      | Reached skill level 10 in Polearms
  3512 | D:5      | Found a staircase to the Ecumenical Temple.
  3621 | D:5      | Reached skill level 11 in Polearms
  3624 | D:5      | Reached XP level 8. HP: 62/62 MP: 8/8
  4153 | D:6      | Reached skill level 12 in Polearms
  4492 | D:6      | Found Oxzinn's Antique Weapon Boutique.
  4516 | D:6      | Reached **** piety under Trog
  4516 | D:6      | Reached skill level 2 in Armour
  4598 | D:6      | Found an ancient bone altar of Kikubaaqudgha.
  4598 | D:6      | Found a faded altar of an unknown god.
  4603 | D:6      | Found a faded altar of an unknown god.
  4605 | D:6      | Found a stormy altar of Qazlal.
  4606 | D:6      | Found a radiant altar of Vehumet.
  5178 | D:7      | Found a runed translucent gate.
  5179 | D:7      | Found a runed translucent gate.
  5179 | D:7      | Found a runed translucent gate.
  5180 | D:7      | Noticed Flix's ghost (novice DsAs)
  5270 | D:7      | Reached skill level 13 in Polearms
  5315 | D:7      | Reached skill level 3 in Armour
  5422 | D:7      | Reached XP level 9. HP: 68/68 MP: 9/9
  5754 | D:7      | Noticed Menkaure
  5765 | D:7      | Killed Menkaure
  5765 | D:7      | Reached skill level 4 in Armour
  5915 | D:7      | Found Yschuzolo's Book Shop.
  6163 | D:8      | Reached skill level 14 in Polearms
  6338 | D:8      | Reached skill level 1 in Evocations
  6734 | D:8      | Reached skill level 2 in Evocations
  6738 | D:8      | Reached ***** piety under Trog
  6802 | D:8      | Reached skill level 6 in Fighting
  6974 | D:8      | Reached skill level 3 in Evocations
  7033 | D:8      | Found Qihie's Elemental Accessories.
  7040 | D:8      | Bought a wand of scattershot (6) for 390 gold pieces
  7069 | D:8      | Reached skill level 5 in Armour
  7110 | D:9      | Noticed a hornet
  7130 | D:8      | Reached XP level 10. HP: 65/77 MP: 12/12
  7137 | D:9      | Reached skill level 7 in Fighting
  7137 | D:9      | Reached skill level 4 in Evocations
  7418 | D:9      | Found a shimmering altar of Xom.
  7637 | D:9      | Reached skill level 5 in Evocations
  7760 | D:9      | Reached skill level 8 in Fighting
  7915 | D:10     | Entered Level 10 of the Dungeon
  8020 | D:10     | Noticed a guardian serpent
  8035 | D:10     | Killed a guardian serpent
  8043 | D:10     | Reached skill level 6 in Evocations
  8314 | D:10     | Reached skill level 9 in Fighting
  8554 | D:10     | Found a staircase to the Orcish Mines.
  8586 | D:10     | Reached skill level 7 in Evocations
  8590 | D:10     | Received a gift from Trog
  8600 | D:10     | Got an ancient glaive {god gift}
  8602 | D:10     | Identified the +9 glaive of Exquisite Torment {venom,
                  | Int+5} (Trog gifted it to you on level 10 of the Dungeon)
  8611 | D:10     | Noticed a kobold demonologist
  8612 | D:10     | Noticed a kobold demonologist
  8612 | D:10     | Noticed a kobold demonologist
  8617 | D:10     | Noticed a rust devil
  8618 | D:10     | Killed a kobold demonologist
  8618 | D:10     | Reached XP level 11. HP: 89/89 MP: 16/16
  8744 | D:10     | Found a staircase to the Lair.
  8764 | D:10     | Noticed Lanoc's ghost (journeyman DsBe)
  8773 | D:10     | Found a runed translucent door.
  9025 | D:11     | Noticed a two-headed ogre
  9033 | D:11     | Killed a two-headed ogre
  9033 | D:11     | Reached skill level 10 in Fighting
  9112 | D:11     | Found the +8 frozen axe "Frostbite" {freezing cloud, *Noise
                  | +Fly rC+}
  9163 | D:11     | Reached skill level 8 in Evocations
  9222 | D:11     | Noticed a cyan ugly thing
  9232 | D:11     | Killed a cyan ugly thing
  9371 | D:11     | Reached skill level 15 in Polearms
  9556 | D:11     | Noticed a four-headed hydra
  9564 | D:11     | Killed an eight-headed hydra
  9624 | D:11     | Noticed a cyclops
  9641 | D:11     | Killed a cyclops
  9641 | D:11     | Reached skill level 16 in Polearms
  9864 | D:11     | Noticed a cyclops
  9868 | D:11     | Killed a cyclops
 10421 | Lair:1   | Entered Level 1 of the Lair of Beasts
 10436 | Lair:1   | Reached skill level 17 in Polearms
 10667 | Lair:1   | Reached XP level 12. HP: 71/97 MP: 18/18
 11396 | Lair:2   | Reached skill level 18 in Polearms
 11611 | Lair:2   | Found a staircase to the Snake Pit.
 11835 | Lair:2   | Received a gift from Trog
 11840 | Lair:2   | Got a crude bardiche {god gift}
 11841 | Lair:2   | Identified the +3 bardiche of the Wasp {freeze, +Rage rC-
                  | Str+4 Stlth+} (Trog gifted it to you on level 2 of the Lair
                  | of Beasts)
 11900 | Lair:2   | Noticed Urug
 11914 | Lair:2   | Killed Urug
 11918 | Lair:2   | Reached skill level 19 in Polearms
 13257 | Lair:4   | Noticed a four-headed hydra
 13266 | Lair:4   | Killed a six-headed hydra
 13266 | Lair:4   | Reached skill level 20 in Polearms
 13343 | Lair:4   | Noticed an eight-headed hydra
 13367 | Lair:4   | Killed an eight-headed hydra
 13367 | Lair:4   | Reached skill level 1 in Throwing
 13396 | Lair:4   | Found a staircase to the Swamp.
 13442 | Lair:4   | Noticed a seven-headed hydra
 13450 | Lair:4   | Killed a ten-headed hydra
 13450 | Lair:4   | Reached skill level 2 in Throwing
 13520 | Lair:4   | Noticed a five-headed hydra
 13521 | Lair:4   | Killed a five-headed hydra
 13521 | Lair:4   | Reached skill level 6 in Dodging
 13521 | Lair:4   | Reached XP level 13. HP: 100/104 MP: 19/19
 14152 | Lair:5   | Found a staircase to the Slime Pits.
 14153 | Lair:5   | Found a viscous altar of Jiyva.
 14162 | Lair:5   | Reached skill level 3 in Throwing
 14182 | Lair:5   | Found a dark tunnel.
 14189 | Volcano  | Entered a volcano
 14528 | Volcano  | Found a radiant altar of Vehumet.
 14529 | Volcano  | Found the +2 pair of boots of the Assassin {Detection Stab+
                  | Stlth++}
 14540 | Volcano  | Received a gift from Trog
 14540 | Volcano  | Reached skill level 7 in Dodging
 14802 | Lair:5   | Reached skill level 1 in Stealth
 14918 | Lair:5   | Reached skill level 11 in Fighting
 14933 | Lair:5   | Reached skill level 6 in Armour
 14960 | Lair:5   | Reached skill level 4 in Throwing
 15113 | Lair:5   | Reached skill level 2 in Stealth
 15809 | Lair:6   | Entered Level 6 of the Lair of Beasts
 16200 | Lair:6   | Reached skill level 8 in Dodging
 16208 | Lair:6   | Reached skill level 3 in Stealth
 16466 | Lair:6   | Reached skill level 5 in Throwing
 16466 | Lair:6   | Reached XP level 14. HP: 89/113 MP: 20/20
 16527 | Lair:6   | Got a fine robe
 16675 | Lair:6   | Reached skill level 21 in Polearms
 16727 | Lair:6   | Reached skill level 4 in Stealth
 17066 | Lair:6   | HP: 26/114 [death yak[a torpor snail] (16)]
 17067 | Lair:6   | Reached skill level 9 in Dodging
 17698 | Lair:6   | Received a gift from Trog
 17861 | Lair:6   | Reached skill level 5 in Stealth
 17995 | Orc:1    | Entered Level 1 of the Orcish Mines
 18012 | Orc:1    | Found a bloodstained altar of Trog.
 18320 | Orc:2    | Entered Level 2 of the Orcish Mines
 18329 | Orc:2    | Found a staircase to the Elven Halls.
 18346 | Orc:2    | Noticed an orc warlord
 18369 | Orc:2    | Killed an orc warlord
 18382 | Orc:2    | Reached skill level 6 in Throwing
 18386 | Orc:2    | Reached skill level 7 in Armour
 18669 | Orc:2    | Noticed an orc warlord
 18695 | Orc:2    | Killed an orc warlord
 18695 | Orc:2    | Reached skill level 12 in Fighting
 18958 | Orc:2    | Found a roughly hewn altar of Beogh.
 18961 | Orc:2    | Received a gift from Trog
 19453 | Orc:2    | Received a gift from Trog
 19505 | Orc:2    | Found Fuihivan's Antique Armour Boutique.
 19505 | Orc:2    | Found Otacvu's Magic Scroll Shoppe.
 19505 | Orc:2    | Found Jaufucs's Food Emporium.
 19509 | Orc:2    | Found Bigofur's Antique Weapon Shop.
 19561 | Orc:2    | Bought a pair of runed boots for 195 gold pieces
 19561 | Orc:2    | Bought a distressingly furry scale mail for 234 gold pieces
 19562 | Orc:2    | Bought a scroll of blinking for 82 gold pieces
 19562 | Orc:2    | Bought a scroll of identify for 22 gold pieces
 19562 | Orc:2    | Bought a scroll of identify for 22 gold pieces
 19563 | Orc:2    | Identified the +1 scale mail of Unambiguity {Str+8 Int-2
                  | Dex-3 SInv} (You bought it in a shop on level 2 of the
                  | Orcish Mines)
 19768 | D:12     | Reached skill level 10 in Dodging
 19768 | D:12     | Reached skill level 6 in Stealth
 19860 | D:12     | Noticed a frost giant
 19874 | D:12     | HP: 33/172 [ettin/+0 dire flail (23)]
 19874 | D:12     | Mangled by an ettin

Levels and vault maps discovered:
D:1:      mrwooster_arrival_statue, layout_loops_ring
D:2:      layout_basic, nicolae_overflow_hidden_temple,
          chequers_ecumenical_altar_island, minmay_tetromino_t4
D:3:      layout_rooms, first_ration, lemuel_altar_in_water
D:4:      cheibrodos_greedy_goblins, layout_rooms, minmay_misc_feat_rugged,
          uniq_edmund
D:5:      layout_cave_pools, minmay_temple_entry_butterflies
D:6:      layout_basic, chequers_temple_overflow_minitemple, serial_shops, shop
D:7:      layout_cave_pods, gammafunk_ghost_necromancy, serial_shops, shop,
          uniq_menkaure
D:8:      layout_basic, the_bakery, nicolae_elemental_shop
D:9:      cheibrodos_helix_gallery, layout_irregular_city, basic_altar,
          chequers_serial_rivers_micro_a
D:10:     layout_basic, dpeg_oklobed_lair, hiddenorc1_lemuel,
          hellmonk_ghost_happy_afterlife, nrook_guardian_serpent_ordinary
D:11:     minmay_thinvault, layout_rooms, kennysheep_generic_room_11
D:12:     minmay_outward_triangles, layout_basic, grunt_decor_cap,
          minmay_misc_feat_secret_circle, dk_noncrumbling_3
Lair:1:   layout_long_grid, st_stairs_5, infiniplex_staircase_pool,
          grunt_megastairs_5
Lair:2:   layout_regular_city, dummy_snake_entry, guppyfry_lair_drakes,
          grunt_megastairs_1, uniq_urug
Lair:3:   layout_loops_ring, minmay_lair_oklob_chamber,
          infiniplex_staircase_pool_2
Lair:4:   layout_layer_cave, minmay_swamp_entry_wisps, lemuel_fruit_tree
Lair:5:   layout_small_grid, slime_altar_1, enter_volcano_2, wad_woods_06,
          beast_lair_carwin_6
Lair:6:   gammafunk_lair_ancient_temple, layout_regular_city, st_stairs_13,
          grunt_forest_small_clearings, minmay_lair_oklob_bushes,
          serial_bayou_shore_a, lemuel_fruit_fields
Orc:1:    layout_caves, basic_altar
Orc:2:    st_orc_rangers, layout_diamond_mine, basic_altar
Volcano:  volcano_grotto [vgs_trial_by_fire]

Skill      XL: |  1  2  3  4  5  6  7  8  9 10 11 12 13 14 |
---------------+-------------------------------------------+-----
Dodging        | 3 4 5 6 8 10 | 10.0
Polearms       | 5 6 9 11 13 14 17 20 21 | 21.4
Fighting       | 4 5 6 9 10 11 12 | 12.1
Armour         | 3 5 6 7 |  7.1
Evocations     | 3 7 8 |  8.0
Throwing       | 2 5 6 |  6.3
Stealth        | 3 6 |  6.0

Action                   |  1- 3 |  4- 6 |  7- 9 | 10-12 | 13-15 || total
-------------------------+-------+-------+-------+-------+-------++-------
Melee: Spear             |   157 |   179 |   200 |       |       ||   536
       Trident           |       |       |   333 |   276 |       ||   609
       Glaive            |       |       |       |   355 |   565 ||   920
       Tailslap          |       |       |       |     4 |     2 ||     6
Throw: Tomahawk          |       |       |       |     3 |     1 ||     4
Invok: Berserk           |     1 |     5 |     7 |    10 |     9 ||    32
       Brothers in Arms  |       |       |       |       |     6 ||     6
Evoke: Wand              |       |       |       |    16 |     5 ||    21
  Use: Scroll            |       |     8 |     9 |     9 |     9 ||    35
       Potion            |       |       |       |       |     2 ||     2
 Stab: Paralysed         |       |       |       |     2 |       ||     2
       Petrifying        |       |       |       |       |     2 ||     2
       Petrified         |       |       |       |       |     1 ||     1
  Eat: Chunk             |     1 |    10 |    21 |    35 |    15 ||    82
       Ration            |       |       |       |       |     4 ||     4
Armor: Ring mail         |    48 |    11 |       |       |       ||    59
       Chain mail        |       |    26 |       |       |    99 ||   125
       Plate armour      |       |     8 |   142 |   183 |    27 ||   360
Dodge: Dodged            |    84 |    41 |    78 |   156 |   203 ||   562
Block: Large shield      |       |    24 |    35 |       |       ||    59
       Other             |       |       |     7 |    35 |    51 ||    93
       Reflection        |       |       |     4 |     2 |    10 ||    16

Table legend:
 A = Non-vault XP
 B = Vault XP
 C = Vault XP percentage of total XP
 D = Non-vault monster count
 E = Vault monster count
 F = Vault count percentage of total count
                 A         B        C        D         E       F
            +---------+---------+-------+---------+---------+-------
      Total |   52258 |   26268 |  33.5 |     434 |     150 |  25.7
            +---------+---------+-------+---------+---------+-------
        D:1 |      23 |       0 |   0.0 |      14 |       0 |   0.0
        D:2 |     105 |       5 |   4.5 |      30 |       3 |   9.1
        D:3 |     189 |       0 |   0.0 |      17 |       0 |   0.0
        D:4 |     351 |     185 |  34.5 |      10 |      11 |  52.4
        D:5 |     588 |       0 |   0.0 |      22 |       0 |   0.0
        D:6 |     365 |       0 |   0.0 |      11 |       0 |   0.0
        D:7 |    1116 |     165 |  12.9 |      35 |       1 |   2.8
        D:8 |    1447 |     205 |  12.4 |      30 |       1 |   3.2
        D:9 |    1612 |     165 |   9.3 |      19 |       2 |   9.5
       D:10 |    3471 |     672 |  16.2 |      29 |      18 |  38.3
       D:11 |    3650 |    2288 |  38.5 |      22 |      17 |  43.6
       D:12 |     947 |       0 |   0.0 |      12 |       0 |   0.0
     Lair:1 |    2261 |     490 |  17.8 |      12 |       4 |  25.0
     Lair:2 |    3417 |    1789 |  34.4 |      18 |       6 |  25.0
     Lair:3 |    1787 |     411 |  18.7 |       6 |       1 |  14.3
     Lair:4 |    5712 |     488 |   7.9 |      14 |       3 |  17.6
     Lair:5 |    6263 |    2959 |  32.1 |      23 |      10 |  30.3
     Lair:6 |   10667 |    8170 |  43.4 |      42 |      22 |  34.4
      Orc:1 |     792 |       0 |   0.0 |      14 |       0 |   0.0
      Orc:2 |    7495 |    4068 |  35.2 |      54 |      37 |  40.7
    Volcano |       0 |    4208 | 100.0 |       0 |      14 | 100.0
            +---------+---------+-------+---------+---------+-------

Levels and vault maps discovered:
D:1:      mrwooster_arrival_statue, layout_loops_ring
D:2:      layout_basic, nicolae_overflow_hidden_temple,
          chequers_ecumenical_altar_island, minmay_tetromino_t4
D:3:      layout_rooms, first_ration, lemuel_altar_in_water
D:4:      cheibrodos_greedy_goblins, layout_rooms, minmay_misc_feat_rugged,
          uniq_edmund
D:5:      layout_cave_pools, minmay_temple_entry_butterflies
D:6:      layout_basic, chequers_temple_overflow_minitemple, serial_shops, shop
D:7:      layout_cave_pods, gammafunk_ghost_necromancy, serial_shops, shop,
          uniq_menkaure
D:8:      layout_basic, the_bakery, nicolae_elemental_shop
D:9:      cheibrodos_helix_gallery, layout_irregular_city, basic_altar,
          chequers_serial_rivers_micro_a
D:10:     layout_basic, dpeg_oklobed_lair, hiddenorc1_lemuel,
          hellmonk_ghost_happy_afterlife, nrook_guardian_serpent_ordinary
D:11:     minmay_thinvault, layout_rooms, kennysheep_generic_room_11
D:12:     minmay_outward_triangles, layout_basic, grunt_decor_cap,
          minmay_misc_feat_secret_circle, dk_noncrumbling_3
Lair:1:   layout_long_grid, st_stairs_5, infiniplex_staircase_pool,
          grunt_megastairs_5
Lair:2:   layout_regular_city, dummy_snake_entry, guppyfry_lair_drakes,
          grunt_megastairs_1, uniq_urug
Lair:3:   layout_loops_ring, minmay_lair_oklob_chamber,
          infiniplex_staircase_pool_2
Lair:4:   layout_layer_cave, minmay_swamp_entry_wisps, lemuel_fruit_tree
Lair:5:   layout_small_grid, slime_altar_1, enter_volcano_2, wad_woods_06,
          beast_lair_carwin_6
Lair:6:   gammafunk_lair_ancient_temple, layout_regular_city, st_stairs_13,
          grunt_forest_small_clearings, minmay_lair_oklob_bushes,
          serial_bayou_shore_a, lemuel_fruit_fields
Orc:1:    layout_caves, basic_altar
Orc:2:    st_orc_rangers, layout_diamond_mine, basic_altar
Volcano:  volcano_grotto [vgs_trial_by_fire]

Table legend:
 A = Turns spent in this place as a percentage of turns spent in the entire game.
 B = Non-inter-level travel turns spent in this place as a percentage of non-inter-level travel turns spent in the entire game.
 C = Inter-level travel turns spent in this place as a percentage of turns spent in this place.
 D = Turns resting spent in this place as a percentage of non-inter-level travel turns spent in this place.
 E = Turns spent auto-exploring this place as a percentage of non-inter-level travel turns spent in this place.
 F = Non-inter-level travel turns spent in this place divided by the number of levels of this place that you've seen.
                   A       B       C       D       E      F
               +-------+-------+-------+-------+-------+----------------------
         Total | 100.0 | 100.0 |   3.2 |  18.4 |  60.4 | 916.0
       Dungeon |  53.6 |  53.4 |   3.6 |  14.4 |  62.5 | 856.0
          Lair |  35.5 |  35.6 |   3.0 |  17.9 |  65.6 | 1140.8
  Orcish Mines |   8.4 |   8.5 |   2.6 |  40.3 |  33.5 | 815.5
       Volcano |   2.5 |   2.5 |   0.0 |  37.0 |  35.6 | 489.0
               +-------+-------+-------+-------+-------+----------------------

Table legend:
 A = Kills in this place as a percentage of kills in entire the game.
 B = Kills by you in this place as a percentage of kills by you in the entire game.
 C = Kills by friends in this place as a percentage of kills by friends in the entire game.
 D = Other kills in this place as a percentage of other kills in the entire game.
 E = Experience gained in this place as a percentage of experience gained in the entire game.
 F = Experience gained in this place divided by the number of levels of this place that you have seen.
                   A       B       C       D       E      F
               +-------+-------+-------+-------+-------+----------------------
         Total | 100.0 | 100.0 | 100.0 | 100.0 | 100.0 | 3739.3
       Dungeon |  52.1 |  55.8 |   0.0 |   0.0 |  22.3 | 1462.4
          Lair |  27.6 |  29.0 |   7.9 |   0.0 |  56.6 | 7402.3
  Orcish Mines |  18.0 |  12.7 |  92.1 | 100.0 |  15.7 | 6177.5
       Volcano |   2.4 |   2.6 |   0.0 |   0.0 |   5.4 | 4208.0
               +-------+-------+-------+-------+-------+----------------------
